Map: Oceanborn LE

Players

Creator

  • Race: Protoss Protoss
  • Spawn Location: 11:00

Firefly - Winner!

  • Race: Protoss Protoss
  • Spawn Location: 5:00

Event: IEM Katowice 2024

VOD

Have the link to the VOD?

Description

Time

  • Played on: Dec. 6, 2023, 4:13 a.m.
  • Length: 9:32

All games in this series

Show
View Real Time Build Order
Export as new Build Order

Creator Protoss 

Build Orders:  

Get SALT Encoding   

  12  0:00  Probe  
  13  0:12  Probe  
  14  0:17  Pylon  
  14  0:24  Probe (Chrono Boost)  
  15  0:36  Probe (Chrono Boost)  
  15  0:37  Gateway  
  16  0:44  Probe (Chrono Boost)  
  16  0:45  Assimilator  
  17  0:51  Probe  
  17  0:53  Assimilator  
  18  1:03  Probe (Chrono Boost)  
  19  1:07  Gateway  
  19  1:12  Probe (Chrono Boost)  
  19  1:17  Probe (Chrono Boost)  
  20  1:25  Cybernetics Core  
  21  1:29  Probe  
  22  1:34  Pylon  
  22  1:41  Probe  
  23  2:01  Robotics Facility, Adept x2  
  23  2:04  Warp Gate  
  27  2:12  Pylon  
  27  2:31  Sentry, Adept  
  31  2:43  Gateway  
  31  2:45  Immortal (Chrono Boost)  
  35  2:54  Pylon  
  35  3:14  Warp Prism (Chrono Boost)  
  35  3:16  Adept  
  37  3:31  Shield Battery  
  34  3:52  Stalker  
  34  3:53  Stalker  
  36  3:56  Probe  
  36  4:00  Immortal (Chrono Boost)  
  37  4:09  Sentry  
  39  4:13  Pylon  
  39  4:31  Probe  
  44  4:41  Sentry  
  46  4:48  Stalker  
  46  4:49  Stalker  
  42  4:54  Pylon  
  42  4:56  Pylon  
  38  5:15  Stalker x3  
  46  5:41  Probe  
  47  5:48  Pylon  
  47  5:49  Sentry  
  49  5:53  Zealot  
  47  6:03  Probe  
  42  6:08  Stalker x2  
  42  6:11  Twilight Council  
  40  6:16  Probe  
  37  6:22  Stalker  
  31  6:33  Nexus  
  31  6:35  Probe  
  32  6:47  Blink (Chrono Boost)  
  32  6:48  Probe  
  33  6:55  Nexus  
  33  6:59  Sentry  
  33  7:00  Probe  
  36  7:03  Pylon  
  36  7:10  Stalker  
  38  7:18  Stalker  
  40  7:31  Probe  
  40  7:34  Gateway  
  41  7:37  Gateway  
  41  7:41  Sentry  
  41  7:43  Probe  
  44  7:55  Probe  
  44  7:58  Gateway  
  45  8:04  Stalker  
  47  8:07  Probe  
  47  8:09  Probe  
  49  8:16  Gateway  
  49  8:29  Stalker x2  
  49  8:33  Shield Battery  
  53  8:34  Phoenix  
  53  8:35  Probe x2  
  53  8:40  Pylon  
  55  8:53  Stalker x2  
  55  8:55  Stalker  
  61  9:12  Zealot  
  58  9:19  Zealot  
  58  9:20  Stalker  
  58  9:23  Stalker  
Show
View Real Time Build Order
Export as new Build Order

Firefly Protoss - Winner!

Build Orders:  

Get SALT Encoding   

  12  0:00  Probe  
  13  0:12  Probe  
  14  0:17  Pylon  
  14  0:24  Probe  
  15  0:35  Gateway  
  15  0:37  Probe (Chrono Boost)  
  16  0:47  Assimilator, Probe (Chrono Boost)  
  17  0:52  Probe (Chrono Boost)  
  18  0:57  Assimilator  
  18  1:03  Probe (Chrono Boost)  
  19  1:09  Gateway  
  19  1:15  Probe (Chrono Boost)  
  20  1:22  Cybernetics Core  
  20  1:24  Probe (Chrono Boost)  
  21  1:31  Probe  
  22  1:36  Pylon  
  22  1:43  Probe  
  23  1:56  Warp Gate (Chrono Boost)  
  23  1:58  Stalker x2  
  27  2:11  Pylon  
  27  2:29  Stalker x2  
  31  2:54  Nexus  
  31  3:01  Stalker  
  31  3:03  Stalker  
  35  3:11  Pylon  
  35  3:16  Probe  
  36  3:28  Shield Battery  
  36  3:34  Pylon  
  36  3:42  Sentry, Stalker  
  40  3:51  Shield Battery  
  40  3:53  Robotics Facility  
  38  4:06  Stalker x2  
  38  4:08  Gateway  
  42  4:14  Pylon  
  42  4:29  Stalker x2  
  45  4:46  Warp Prism (Chrono Boost)  
  45  4:55  Sentry  
  43  5:13  Immortal (Chrono Boost)  
  39  5:26  Stalker x3  
  41  5:42  Immortal (Chrono Boost)  
  43  5:56  Sentry  
  45  6:31  Stalker  
  47  6:34  Pylon  
  47  6:35  Pylon  
  47  6:48  Nexus  
  47  6:52  Sentry  
  49  6:54  Twilight Council  
  49  6:56  Twilight Council  
  49  6:57  Sentry  
  49  6:59  Probe  
  52  7:06  Phoenix  
  52  7:22  Probe  
  53  7:24  Observer  
  53  7:27  Pylon  
  53  7:29  Blink (Chrono Boost)  
  52  7:34  Probe  
  53  7:46  Stalker  
  53  7:48  Probe  
  56  7:54  Gateway  
  56  7:55  Gateway  
  56  8:00  Probe  
  56  8:01  Probe  
  58  8:06  Stalker  
  60  8:13  Probe x2  
  62  8:27  Stalker  
  64  8:35  Stalker  
  64  8:40  Assimilator  
  66  8:50  Stalker x2  
  66  8:51  Pylon  
  71  8:55  Observer  
  71  8:59  Stalker  
  61  9:24  Stalker x4  

Tags
 
Add a new tag
Caveats
  • Supply blocks, unpowered buildings, or Contaminate may cause inaccurate times.
  • Supply counts are checked every 10 seconds.